 Dungeon Crawl Stone Soup version 0.24-a0-280-g7cec4da (webtiles) character file.

Game seed: 480028413890429023

308 smeego the Slasher (level 6, 0/42 HPs)
             Began as an Octopode Fighter on May 7, 2019.
             Slain by an ice beast (3 damage)
             ... on level 4 of the Dungeon on May 8, 2019.
             The game lasted 00:05:09 (2757 turns).

smeego the Slasher (Octopode Fighter)               Turns: 2757, Time: 00:05:10

Health: 0/42       AC:  1    Str: 15    XL:     6   Next: 40%
Magic:  6/6        EV: 18    Int: 11    God:
Gold:   144        SH:  9    Dex: 18    Spells: 5/5 levels left

rFire    . . .     SeeInvis .   a - +0 long sword
rCold    . . .     Gourm    .   b - +0 shield
rNeg     . . .     Faith    .   (helmet restricted)
rPois    .         Spirit   .   (no amulet)
rElec    .         Reflect  .   (no ring)
rCorr    .         Harm     .   (no ring)
MR       .....                  (no ring)
Stlth    ++++......             (no ring)
HPRegen  0.14/turn              (no ring)
MPRegen  0.10/turn              (no ring)
                                (no ring)
                                (no ring)

@: agile
A: almost no armour, stealthy swim, amphibious, 8 rings, constrict 8, camouflage
1, gelatinous body 1
a: no special abilities


You were on level 4 of the Dungeon.
You were not hungry.

You visited 1 branch of the dungeon, and saw 4 of its levels.

You collected 144 gold pieces.

Inventory:

Hand Weapons
 a - a +0 long sword (weapon)
 o - a +2 dagger of venom
Armour
 b - a +0 shield (worn)
Wands
 l - a wand of polymorph (7)
 q - a wand of paralysis (8)
Scrolls
 e - 5 scrolls of identify {unknown}
 f - a scroll of fear {unknown}
 g - 2 scrolls of remove curse {unknown}
 h - a scroll of enchant weapon {unknown}
 j - a scroll of blinking {unknown}
 n - a scroll of random uselessness {unknown}
Potions
 c - a potion of might
 i - a potion of brilliance {unknown}
 k - a potion of magic {unknown}
 m - 2 potions of curing
Comestibles
 d - 8 rations
 r - a chunk of flesh


   Skills:
 + Level 3.6 Fighting
 * Level 3.9 Long Blades
 + Level 3.8 Dodging
 + Level 3.0 Stealth
 + Level 3.7 Shields
 + Level 1.8 Unarmed Combat
 + Level 1.2 Evocations


You had 5 spell levels left.
You didn't know any spells.
Your spell library was empty.

Dungeon Overview and Level Annotations

Branches:
Dungeon (4/15)
 Temple: D:4-7

Altars:
Ashenzari
Cheibriados
Makhleb
Vehumet
The Shining One

Shops:
D:4 [

Annotations:
D:3 2 transporters, DankestMemes's ghost, amateur DrWn


Innate Abilities, Weirdness & Mutations

You cannot wear most types of armour.
You are very stealthy in the water. (Stealth+)
You are amphibious.
You can wear up to eight rings at the same time.
You can use your tentacles to constrict eight enemies at once.
Your skin changes colour to match your surroundings (Stealth+).
Your rubbery body absorbs attacks. (AC +1, EV +1)


Message History

* * * LOW HITPOINT WARNING * * *
It was a potion of agility.
You feel agile all of a sudden. You block the ice beast's attack.
You barely miss the ice beast.
The ice beast is severely wounded.
The ice beast completely misses you.
You riposte.
You closely miss the ice beast. Your squeeze misses the ice beast.
The ice beast is severely wounded.
The ice beast misses you.
You hit the ice beast.
The ice beast is almost dead.
The ice beast barely misses you.
You barely miss the ice beast.
The ice beast is almost dead.
You block the ice beast's attack.
You barely miss the ice beast.
The ice beast is almost dead.
The ice beast hits you.
You die...

### #.# #.. #.# #.#
#.# ##### #Y# ....#
#@##### ....# #.....#
....# #####.# ....#
#.#
....################.#
....#................#
....#.################
#.###.# ...##.######


You could see an ice beast.

Vanquished Creatures
  2 hounds (D:4)
  A worker ant (D:4)
  A killer bee zombie (D:3)
  3 gnolls (D:4)
  9 adders
  An ooze (D:3)
  2 worms (D:2)
  8 orcs
  2 ball pythons
  A giant cockroach (D:1)
  7 goblins
  5 hobgoblins
  4 jackals (D:1)
  A quokka (D:4)
  12 bats
  7 frilled lizards
  10 kobolds
  8 rats
84 creatures vanquished.

Notes
Turn   | Place    | Note
-------+----------+-------------------------------------------
     0 | D:1      | smeego the Octopode Fighter began the quest for the Orb.
     0 | D:1      | Reached XP level 1. HP: 16/16 MP: 1/1
   156 | D:1      | Reached XP level 2. HP: 17/21 MP: 2/2
   407 | D:1      | Reached XP level 3. HP: 25/26 MP: 3/3
   429 | D:1      | Reached skill level 1 in Stealth
   697 | D:2      | Found a shattered altar of Ashenzari.
   876 | D:2      | Reached skill level 1 in Unarmed Combat
   876 | D:2      | Reached XP level 4. HP: 28/31 MP: 4/4
  1519 | D:3      | Reached XP level 5. HP: 31/36 MP: 5/5
  1570 | D:3      | Noticed DankestMemes's ghost (amateur DrWn)
  1589 | D:3      | Found a transporter.
  1913 | D:3      | Found a transporter.
  2095 | D:3      | Found a glowing golden altar of the Shining One.
  2454 | D:4      | Reached skill level 1 in Evocations
  2454 | D:4      | Reached XP level 6. HP: 21/42 MP: 6/6
  2609 | D:4      | Found Vimimunerch's Antique Armour Shop.
  2634 | D:4      | Found a snail-covered altar of Cheibriados.
  2636 | D:4      | Found a burning altar of Makhleb.
  2659 | D:4      | Found a radiant altar of Vehumet.
  2740 | D:4      | Noticed an ice beast
  2752 | D:4      | HP: 2/42 [ice beast (11)]
  2757 | D:4      | Slain by an ice beast

Levels and vault maps discovered:
D:1:      dpeg_arrival_shrine, layout_basic, hangedman_decor_clover_reticule,
          minmay_strange_pillars
D:2:      layout_basic, old_standard_altar, kennysheep_generic_room_11
D:3:      layout_loops_ring, tso_metal_star, gammafunk_ghost_stat_death
D:4:      layout_basic, vehumet_crystals,
          chequers_temple_overflow_statue_of_worship, serial_shops, shop,
          nicolae_shop_trees, kennysheep_orc_chapel

Skill      XL: |  1  2  3  4  5  6 |
---------------+-------------------+-----
Stealth        | 1 2 3 |  3.0
Unarmed Combat | 1 |  1.8
Long Blades    | 3 |  3.9
Evocations     | 1 |  1.2
Fighting       | |  3.6
Dodging        | |  3.8
Shields        | |  3.7

Action                   |  1- 3 |  4- 6 || total
-------------------------+-------+-------++-------
Melee: Long sword        |    58 |    92 ||   150
       Constrict         |    20 |    32 ||    52
       Tentacles         |     8 |    22 ||    30
       Punch             |       |     1 ||     1
       Dagger            |       |     3 ||     3
  Use: Potion            |       |     2 ||     2
 Stab: Sleeping          |     7 |    11 ||    18
  Eat: Chunk             |       |     6 ||     6
Armor: Skin              |     5 |     4 ||     9
Dodge: Dodged            |    26 |    45 ||    71
Block: Shield            |    27 |    32 ||    59
       Rpst.: Long sword |    12 |    14 ||    26

Table legend:
 A = Non-vault XP
 B = Vault XP
 C = Vault XP percentage of total XP
 D = Non-vault monster count
 E = Vault monster count
 F = Vault count percentage of total count
                 A         B        C        D         E       F
            +---------+---------+-------+---------+---------+-------
      Total |     439 |       1 |   0.2 |      83 |       1 |   1.2
            +---------+---------+-------+---------+---------+-------
        D:1 |      43 |       0 |   0.0 |      27 |       0 |   0.0
        D:2 |      93 |       1 |   1.1 |      26 |       1 |   3.7
        D:3 |     120 |       0 |   0.0 |      18 |       0 |   0.0
        D:4 |     183 |       0 |   0.0 |      12 |       0 |   0.0
            +---------+---------+-------+---------+---------+-------
